[Event "*** Titled Tuesday Blitz"]
[Site "Chess.com"]
[Date "2021.02.09"]
[Round "10"]
[White "HajiyevKanan"]
[Black "SHIVACalypso"]
[Result "1-0"]
[WhiteElo "2490"]
[BlackElo "2362"]
[TimeControl "180+1"]
[EndTime "11:54:06 PST"]
[Termination "HajiyevKanan won by resignation"]

1. d4 e6 2. Nf3 Nf6 3. c4 d5 4.
Nc3 Bb4 5. cxd5 exd5 6. Bg5 h6 7. Bxf6 Qxf6 8. Qa4+ Nc6 9. Ne5 Bd7 10. Nxc6 Bxc3+ 11. bxc3 Bxc6 12. Qa3 Qe7 13. Qxe7+ Kxe7 14. e3 Kd6 15.
Bd3 Rhe8 16. Kd2 Re7 17. Rab1 Rae8 18. h4 b6 19. Rhc1 Bd7 20. g3 Bg4 21. c4 Bf3 22. c5+ Kd7 23. a4 Be4 24. cxb6 axb6 25. Bb5+ Kd6 26. Rc6+ Kd7 27. Rxb6+ Kc8 28. Rc1 Rd8 29. a5 Re6 30. Rbc6 Rxc6 31. Bxc6 Kb8 32. Rc5 Ka7 33. Rb5 Rd6 34. Rb7+ Ka6 35. Rxc7 Kxa5 36. Be8 Rb6 37. Ra7+ Kb4 38. Rxf7 Kc4 39. Rc7+ Kb4 40. Rxg7 Ra6 41. Rb7+ Ka5 42. Rb5+ 1-0

[Event "*** Titled Tuesday Blitz"]
[Site "Chess.com"]
[Date "2021.02.09"]
[Round "10"]
[White "GadimbayliA"]
[Black "Aygehovit1992"]
[Result "1-0"]
[WhiteElo "2839"]
[BlackElo "2613"]
[TimeControl "180+1"]
[EndTime "11:54:09 PST"]
[Termination "GadimbayliA won by resignation"]

1. e4 d6 2. d4 Nf6 3. Nc3 g6 4.
Nf3 c6 5. Be2 Qc7 6. O-O Bg7 7.
Be3 O-O 8. a4 a5 9. Nd2 Na6 10.
f4 Nb4 11. e5 Nfd5 12. Nxd5 Nxd5 13. Rf3 Nxe3 14. Rxe3 c5 15. c3 cxd4 16. cxd4 dxe5 17. dxe5 Rd8 18. Qe1 Be6 19. Kh1 Qb6 20. Nc4 Bxc4 21. Bxc4 e6 22. Bb5 Rd4 23. Qg3 Rad8 24. h3 h5 25. Rf1 Rd1 26. Ree1 Rxe1 27. Qxe1 Qd4 28. Qxa5 Rc8 29. b3 Rc2 30. Qa8+ Bf8 31. Qxb7 Bc5 32. Be8 Rf2 33. Qxf7+ Kh8 34. Qf6+ Kg8 35. Bf7+ 1-0

[Event "*** Titled Tuesday Blitz"]
[Site "Chess.com"]
[Date "2021.02.09"]
[Round "10"]
[White "oneshot007"]
[Black "VMikhalevski"]
[Result "1-0"]
[WhiteElo "2581"]
[BlackElo "2690"]
[TimeControl "180+1"]
[EndTime "11:54:09 PST"]
[Termination "oneshot007 won by resignation"]

1. e4 e5 2. Nf3 Nc6 3. d4 exd4 4. Nxd4 Nf6 5. Nxc6 bxc6 6. e5 Qe7 7. Qe2 Nd5 8. g3 g6 9. c4 Ba6 10. b3 Bg7 11.
Bb2 O-O-O 12. Nd2 Rde8 13. O-O-O h5 14. f4 h4 15. Bg2 f6 16. Qf2 Nb6 17. Rhe1 fxe5 18.
Nf3 hxg3 19. hxg3 e4 20. Ne5 Rh2 21. Ng4 Bxb2+ 22. Qxb2 Rxg2 23. Qxg2 d5 24. Ne5 Qc5 25. Kb1 g5 26. Rc1 gxf4 27. gxf4 dxc4 28. Qxe4 Kb7 29. Nd3 Qa3 30. Qxe8 cxd3 31. Qxc6+ Kb8 32. Re8+ 1-0

[Event "*** Titled Tuesday Blitz"]
[Site "Chess.com"]
[Date "2021.02.09"]
[Round "10"]
[White "TST2014"]
[Black "Murad_Ibrahimli"]
[Result "0-1"]
[WhiteElo "2580"]
[BlackElo "2719"]
[TimeControl "180+1"]
[EndTime "11:54:10 PST"]
[Termination "Murad_Ibrahimli won by checkmate"]

1. d4 g6 2. c4 Bg7 3. e4 d6 4. Nc3 Nf6 5. Nf3 O-O 6. Be2 e5 7. O-O Bg4 8. d5 a5 9. Be3 Na6 10. Ne1 Bxe2 11. Qxe2 Nh5 12. Nd3 b6 13. b3 Nc5 14.
Rac1 Qh4 15. g3 Qh3 16. f3 Nxd3 17. Qxd3 f5 18. exf5 Nxg3 19. fxg6 Nxf1 20. gxh7+ Kh8 21. Rxf1 e4 22. Nxe4 Rxf3 23. Rxf3 Qxf3 24. Ng5 Qg4+ 25. Kh1 Rf8 26. h3 Qg3 27. Qe2 Be5 28. Ne6 Rf1+ 29. Qxf1 Qh2# 0-1

[Event "*** Titled Tuesday Blitz"]
[Site "Chess.com"]
[Date "2021.02.09"]
[Round "10"]
[White "awesomevishesh"]
[Black "rachidhuilda"]
[Result "1-0"]
[WhiteElo "2503"]
[BlackElo "2319"]
[TimeControl "180+1"]
[EndTime "11:54:10 PST"]
[Termination "awesomevishesh won by resignation"]

1. e4 c5 2. Nf3 e6 3. g3 a6 4.
Bg2 b5 5. d4 cxd4 6. Nxd4 Bb7 7. O-O d6 8. a4 b4 9. a5 Qc7 10. c3 bxc3 11. Nxc3 Nd7 12. Be3 Ngf6 13. Qa4 Be7 14. Rfc1 Qb8 15. Nc6 Bxc6 16. Qxc6 O-O 17. e5 Nxe5 18. Qxa8 Qxa8 19. Bxa8 Rxa8 20. Na4 d5 21. Nb6 Rb8 22. Rc7 Kf8 23. Rac1 Nc4 24. Nxc4 dxc4 25. R1xc4 Rxb2 26. Rc8+ Ne8 27. Ra8 Rb1+ 28.
Kg2 1-0

[Event "*** Titled Tuesday Blitz"]
[Site "Chess.com"]
[Date "2021.02.09"]
[Round "10"]
[White "Das_Virus_2020"]
[Black "CalinGheorghiu"]
[Result "1-0"]
[WhiteElo "2440"]
[BlackElo "2306"]
[TimeControl "180+1"]
[EndTime "11:54:11 PST"]
[Termination "Das_Virus_2020 won by resignation"]

1. e4 c5 2. c3 Nf6 3. e5 Nd5 4. Nf3 d6 5. d4 cxd4 6. cxd4 e6 7. a3 Nc6 8. Bd3 Be7 9. O-O O-O 10. Qe2 dxe5 11.
dxe5 Qc7 12. Qe4 g6 13. Bh6 Rd8 14. Nbd2 Bd7 15. Rfe1 Be8 16. Bg5 Bxg5 17. Nxg5 Nde7 18. Nxh7 Kxh7 19. Qh4+ Kg8 20. Re3 Rxd3 21. Rxd3 Nf5 22.
Qg5 Nxe5 23. Rh3 Qe7 24. Qf4 Qd7 25. Qxe5 Kf8 26. Ne4 1-0

[Event "*** Titled Tuesday Blitz"]
[Site "Chess.com"]
[Date "2021.02.09"]
[Round "10"]
[White "Kretov_Evgenij"]
[Black "Vugar_Manafov"]
[Result "1-0"]
[WhiteElo "2540"]
[BlackElo "2651"]
[TimeControl "180+1"]
[EndTime "11:54:12 PST"]
[Termination "Kretov_Evgenij won by resignation"]

1. d4 Nf6 2. c4 e6 3. Nc3 Bb4 4.
Bg5 h6 5. Bh4 d6 6. Qa4+ Nc6 7.
d5 exd5 8. cxd5 Bxc3+ 9. bxc3 g5 10. dxc6 b5 11. Qxb5 gxh4 12. Nf3 O-O 13. Nxh4 Be6 14.
Nf5 Nd5 15. Nxh6+ Kh7 16. Nf5 Bxf5 17. Qxd5 Qf6 18. Qd4 Qxd4 19. cxd4 Be4 20. Rc1 Rab8 21. f3 Bd5 22. Rc2 Rb1+ 23. Kf2 f5 24. g3 Rfb8 25. Bg2 R1b2 26. Rhc1 Bxa2 27. Bh3 Kg6 28. e4 fxe4 29. fxe4 Bb1 30. Bf5+ Kf6 31. Rxb2 Rxb2+ 32. Ke3 a5 33. g4 Ke7 34. g5 a4 35. g6 a3 36. g7 Ba2 37. d5 Rg2 38. Rc2 Rxc2 39. g8=Q Bb3 40.
Qg7+ Ke8 41. Bg6+ 1-0

[Event "*** Titled Tuesday Blitz"]
[Site "Chess.com"]
[Date "2021.02.09"]
[Round "10"]
[White "Guzman70"]
[Black "chessmadara"]
[Result "1-0"]
[WhiteElo "2246"]
[BlackElo "2159"]
[TimeControl "180+1"]
[EndTime "11:54:12 PST"]
[Termination "Guzman70 won by resignation"]

1. d4 Nf6 2. Bf4 c5 3. d5 e6 4. Nc3 exd5 5. Nxd5 d6 6. Nf3 Nc6 7. e4 Bg4 8. Be2 Bxf3 9. Bxf3 Nd4 10. O-O Nxf3+ 11.
Qxf3 Be7 12. Nxe7 Qxe7 13. e5 dxe5 14. Bxe5 O-O 15. Rfe1 Rfe8 16. Bc3 Qd6 17. Qxb7 Nd5 18. Rad1 Nxc3 19. Qxa8 Ne2+ 20. Kf1 Rxa8 21. Rxd6 Nd4 22. c3 Ne6 23. g3 Rb8 24. b3 Kf8 25. f4 Ke7 26.
Ra6 1-0

[Event "*** Titled Tuesday Blitz"]
[Site "Chess.com"]
[Date "2021.02.09"]
[Round "10"]
[White "akanga001"]
[Black "Evachess2006"]
[Result "1-0"]
[WhiteElo "1950"]
[BlackElo "1615"]
[TimeControl "180+1"]
[EndTime "11:54:12 PST"]
[Termination "akanga001 won by checkmate"]

1. e4 e5 2. Nf3 Nc6 3. Bb5 a6 4. Bxc6 dxc6 5. d3 Bd6 6. O-O Nf6 7. Nbd2 Qe7 8. b3 O-O 9. Bb2 Bg4 10. Qe1 Rfe8 11.
Qe3 Bc5 12. d4 exd4 13. Bxd4 Bxd4 14. Nxd4 c5 15. Ne2 Bxe2 16. Qxe2 Nxe4 17. Rfe1 Nxd2 18. Qxe7 Rxe7 19. Rxe7 Rc8 20. Rd1 Rd8 21. Rxd2 Kf8 22. Rdd7 c6 23. Rxf7+ Ke8 24. Rde7# 1-0

[Event "*** Titled Tuesday Blitz"]
[Site "Chess.com"]
[Date "2021.02.09"]
[Round "10"]
[White "manmanlai1"]
[Black "Nikolaj_6"]
[Result "0-1"]
[WhiteElo "2472"]
[BlackElo "2635"]
[TimeControl "180+1"]
[EndTime "11:54:13 PST"]
[Termination "Nikolaj_6 won by resignation"]

1. e4 c5 2. Nc3 Nc6 3. g3 g6 4. Bg2 Bg7 5. Nge2 d6 6. d3 Nf6 7.
h3 Rb8 8. Be3 O-O 9. d4 cxd4 10.
Nxd4 Nxd4 11. Bxd4 a6 12. a4 Be6 13. O-O b5 14.
axb5 axb5 15. e5 dxe5 16. Bxe5 Rc8 17. Nxb5 Qxd1 18. Rfxd1 Rxc2 19. b4 Nh5 20. Bxg7 Kxg7 21. Nd4 Rb2 22. Nxe6+ fxe6 23. Rab1 Rfxf2 24. Be4 Nxg3 25. Rxb2 Rxb2 26. Rb1 Rxb1+ 27. Bxb1 Kf6 28. Kf2 Nf5 29. b5 Ke5 30. b6 Kd6 31. Kf3 Kc6 32. Kf4 Kxb6 33.
Ke5 Ng7 34. h4 Kc7 35. h5 Nxh5 36. Kxe6 Kd8 37. Bc2 Ke8 0-1

[Event "*** Titled Tuesday Blitz"]
[Site "Chess.com"]
[Date "2021.02.09"]
[Round "10"]
[White "zim0ne"]
[Black "CM_rui"]
[Result "0-1"]
[WhiteElo "2517"]
[BlackElo "2389"]
[TimeControl "180+1"]
[EndTime "11:54:13 PST"]
[Termination "CM_rui won by resignation"]

1. Nf3 Nf6 2. c4 e6 3. g3 c5 4. Bg2 d5 5. O-O d4 6. e3 Nc6 7.
d3 e5 8. exd4 exd4 9. Bg5 Be7 10. Nbd2 O-O 11. Re1 Bf5 12. Ne4 Nxe4 13. Bxe7 Nxf2 14.
Kxf2 Nxe7 15. Nh4 Bg6 16. Bxb7 Rb8 17. Qf3 Bxd3 18. b3 Ng6 19. Ng2 Qg5 20. Rad1 Bc2 21. Rc1 Ne5 22. Qd5 Nd3+ 23. Kg1 Qd2 24. Rxc2 Qxc2 25.
Rf1 Nb4 26. Qd7 d3 27. Be4 Rbd8 28. Qe7 Qe2 29. Nf4 Qe3+ 30. Kg2 Rfe8 0-1

[Event "*** Titled Tuesday Blitz"]
[Site "Chess.com"]
[Date "2021.02.09"]
[Round "10"]
[White "platy3"]
[Black "Chessmasterzt"]
[Result "1-0"]
[WhiteElo "2845"]
[BlackElo "2615"]
[TimeControl "180+1"]
[EndTime "11:54:14 PST"]
[Termination "platy3 won on time"]

1. c4 g6 2. g3 Bg7 3. Bg2 d6 4. Nc3 Nf6 5. Nf3 O-O 6. O-O Nc6 7. d4 e5 8. dxe5 dxe5 9. Bg5 Be6 10. Qc1 Qc8 11. Rd1 Nd7 12. Nd5 Re8 13. Bh6 f6 14. Bxg7 Kxg7 15. b4 Bxd5 16. cxd5 Nxb4 17. Rb1 a5 18. a3 Na6 19. Bh3 Nac5 20. d6 c6 21. Nd2 Ne6 22. Nc4 b5 23. Ne3 Nd4 24. Kf1 h5 25.
Nc2 Ne6 26. Ne3 Nd4 27. Qc3 Qd8 28. Nc2 c5 29. Nxd4 exd4 30. Qc2 b4 31. axb4 axb4 32. Ra1 Ne5 33. Qxc5 b3 34. Qxd4 1-0

[Event "*** Titled Tuesday Blitz"]
[Site "Chess.com"]
[Date "2021.02.09"]
[Round "10"]
[White "Cuajada_Zero"]
[Black "KetiGrant"]
[Result "0-1"]
[WhiteElo "2199"]
[BlackElo "2342"]
[TimeControl "180+1"]
[EndTime "11:54:15 PST"]
[Termination "KetiGrant won on time"]

1. d4 Nf6 2. c4 g6 3. Nc3 Bg7 4. e4 d6 5. f3 O-O 6. Be3 c5 7. Nge2 Nc6 8. d5 Ne5 9. Ng3 e6 10. Be2 exd5 11. cxd5 h5 12. O-O h4 13. Nh1 h3 14. g4 Nh7 15. f4 Nd7 16. Nf2 Qh4 17.
Nb5 Qe7 18. Qd2 a6 19. Nc3 b5 20. a3 Qh4 21. Kh1 Ndf6 22. Rg1 Re8 23. Bf3 b4 24. axb4 cxb4 25. Ne2 a5 26. Rg3 Nd7 27. Rxh3 Qf6 28.
Bd4 Qe7 29. g5 Ne5 30. Rg3 Nxf3 31. Rxf3 f6 32. Ng4 Bxg4 0-1

[Event "*** Titled Tuesday Blitz"]
[Site "Chess.com"]
[Date "2021.02.09"]
[Round "10"]
[White "kubal123"]
[Black "A-S-00"]
[Result "1-0"]
[WhiteElo "2207"]
[BlackElo "2279"]
[TimeControl "180+1"]
[EndTime "11:54:22 PST"]
[Termination "kubal123 won by resignation"]

1. d4 Nf6 2. c4 g6 3. Nc3 Bg7 4. e4 d6 5. h4 O-O 6. h5 Bg4 7. f3 Bd7 8. g4 c5 9. d5 e6 10.
Bf4 Re8 11. Nge2 e5 12. Be3 Na6 13. Qd2 Nc7 14. Ng3 b5 15. cxb5 Rb8 16. Bh6 Nxb5 17.
Bxg7 Kxg7 18. hxg6 fxg6 19. Qh6+ Kg8 20. g5 Nh5 21. Nxh5 gxh5 22. Bxb5 Bxb5 23. g6 Qe7 24. Rxh5 hxg6 25. Qh8+ 1-0

[Event "*** Titled Tuesday Blitz"]
[Site "Chess.com"]
[Date "2021.02.09"]
[Round "10"]
[White "mr65"]
[Black "Rytenko_V"]
[Result "1-0"]
[WhiteElo "2107"]
[BlackElo "2376"]
[TimeControl "180+1"]
[EndTime "11:54:22 PST"]
[Termination "mr65 won by resignation"]

1. e4 e6 2. d4 d5 3. Nc3 Bb4 4. e5 Ne7 5. a3 Bxc3+ 6. bxc3 b6 7. Bb5+ c6 8. Bd3 Ba6 9. Nf3 h6 10. O-O O-O 11. Nh4 c5 12. dxc5 bxc5 13. g3 Qb6 14. Be3 Nbc6 15. f4 Qa5 16. Qd2 Rfd8 17. Rae1 Rab8 18.
f5 Nxf5 19. Nxf5 exf5 20. Rxf5 d4 21. Bxh6 Qxc3 22. Qg5 Qxe1+ 23. Kg2 g6 24. Qf6 Qd2+ 25. Bxd2 1-0

[Event "*** Titled Tuesday Blitz"]
[Site "Chess.com"]
[Date "2021.02.09"]
[Round "10"]
[White "kekic76"]
[Black "maximnovik"]
[Result "1-0"]
[WhiteElo "2382"]
[BlackElo "2548"]
[TimeControl "180+1"]
[EndTime "11:54:23 PST"]
[Termination "kekic76 won by resignation"]

1. e4 c6 2. d4 d5 3. Nc3 dxe4 4.
Nxe4 Nf6 5. Nxf6+ exf6 6. Nf3 Bd6 7. Be2 O-O 8. O-O Re8 9. Re1 Qc7 10. h3 Nd7 11.
Bd3 Rxe1+ 12. Qxe1 Nf8 13. Bd2 Bd7 14. Bb4 Re8 15. Qd2 Bf4 16. Qc3 Ng6 17. Re1 Rxe1+ 18.
Qxe1 Bd6 19. Bxd6 Qxd6 20. Bxg6 hxg6 21. c3 Be6 22. a3 g5 23. Nd2 f5 24. Qe5 Qxe5 25.
dxe5 Kf8 26. Nf3 f6 27. exf6 gxf6 28. Nd4 Ke7 29. f4 Bd7 30. Kf2 c5 31. Nf3 gxf4 32.
Nh4 Ke6 33. Kf3 Kd5 34. Kxf4 Kc4 35. Nxf5 Kb3 36. h4 Kxb2 37. h5 Be8 38. h6 Bg6 39.
Ne7 Bc2 40. Nf5 1-0

[Event "*** Titled Tuesday Blitz"]
[Site "Chess.com"]
[Date "2021.02.09"]
[Round "10"]
[White "MartinMatthiesen"]
[Black "CzechmVIII"]
[Result "0-1"]
[WhiteElo "2376"]
[BlackElo "2284"]
[TimeControl "180+1"]
[EndTime "11:54:23 PST"]
[Termination "CzechmVIII won on time"]

1. d4 Nf6 2. c4 c5 3. d5 b5 4. cxb5 a6 5. bxa6 g6 6. Nc3 Bxa6 7. e4 Qa5 8. Bxa6 Nxa6 9. Nf3 Nxe4 10.
O-O Nxc3 11. bxc3 Bg7 12. Qe2 e6 13. Bd2 O-O 14. Ne5 exd5 15. Nxd7 Rfe8 16. Qd3 c4 17. Qh3 Re2 18. Rfd1 Rxd2 19. Rxd2 Bxc3 20. Re2 Bxa1 21. Qf3 Qc3 22. Qxc3 Bxc3 23. h4 d4 24. Nb6 d3 0-1

[Event "*** Titled Tuesday Blitz"]
[Site "Chess.com"]
[Date "2021.02.09"]
[Round "10"]
[White "KruHor"]
[Black "Andrakhanova"]
[Result "1-0"]
[WhiteElo "2533"]
[BlackElo "2246"]
[TimeControl "180+1"]
[EndTime "11:54:23 PST"]
[Termination "KruHor won by resignation"]

1. e4 c5 2. Nf3 e6 3. d4 cxd4 4.
Nxd4 Nf6 5. Nc3 Nc6 6. Nf3 Bb4 7.
Bd3 d5 8. O-O Bxc3 9. exd5 Nxd5 10. bxc3 Nxc3 11. Qe1 Nd5 12. Ba3 Nce7 13. Ng5 h6 14.
Ne4 O-O 15. Rd1 Qc7 16. c4 Nf4 17. Bd6 Nxd3 18. Rxd3 Qd8 19. Qd2 Re8 20. Nf6+ gxf6 21. Qxh6 Nf5 22. Qh5 Nxd6 23. Rfd1 f5 24. c5 Qf6 25.
cxd6 f4 26. Rh3 Qg7 27. Rh4 e5 28. d7 Bxd7 29. Rxd7 Rad8 30. Rg4 Rxd7 31. Rxg7+ Kxg7 32. Qg4+ 1-0

[Event "*** Titled Tuesday Blitz"]
[Site "Chess.com"]
[Date "2021.02.09"]
[Round "10"]
[White "HackingKid98"]
[Black "pavelalexandru07"]
[Result "1-0"]
[WhiteElo "2472"]
[BlackElo "2346"]
[TimeControl "180+1"]
[EndTime "11:54:25 PST"]
[Termination "HackingKid98 won by resignation"]

1. d4 Nf6 2. c4 c5 3. Nf3 cxd4 4. Nxd4 a6 5. g3 d5 6. cxd5 Qxd5 7. Nf3 Qxd1+ 8.
Kxd1 Nc6 9. Nc3 Bf5 10. Bf4 O-O-O+ 11. Kc1 Nh5 12. Be3 e5 13. Ng5 Bg6 14. Bh3+ Kb8 15. Rd1 Be7 16. f3 h6 17. Nge4 f5 18. Nc5 Nd4 19.
Nb3 Nxb3+ 20. axb3 Rxd1+ 21. Kxd1 Rd8+ 22. Ke1 Bb4 23. Rd1 Rxd1+ 24. Kxd1 Nf6 25. Bd2 Bh7 26. Ne4 Bxd2 27. Nxf6 gxf6 28. Kxd2 Kc7 29. f4 e4 30. Kc3 Kd6 31. Kd4 Ke6 32. e3 Bg6 33. Kc5 Be8 34. Bf1 Bc6 35. Bxa6 Kf7 36. Kb6 Bd5 37. Bxb7 Bxb3 38.
Kc5 Kg6 39. Bd5 Ba4 40. b4 Kh5 41. Bc6 Bc2 42. b5 Bd3 43. b6 Ba6 44. Bb5 Bc8 45.
Kd6 Kg4 46. Kc7 1-0

[Event "*** Titled Tuesday Blitz"]
[Site "Chess.com"]
[Date "2021.02.09"]
[Round "10"]
[White "Legendinunknown"]
[Black "ZivkovicN"]
[Result "1-0"]
[WhiteElo "2607"]
[BlackElo "2462"]
[TimeControl "180+1"]
[EndTime "11:54:28 PST"]
[Termination "Legendinunknown won by resignation"]

1. d4 Nf6 2. c4 e6 3. Nc3 Bb4 4. f3 O-O 5. e4 Ne8 6. Bd3 b6 7. Ne2 Ba6 8. O-O Be7 9. Be3 c5 10. d5 e5 11. f4 d6 12. g3 Nd7 13. Qd2 Nef6 14. h3 Bc8 15. Kh2 h6 16. f5 Nh7 17. g4 Bg5 18. Bxg5 hxg5 19. Ng1 a6 20. a4 f6 21. Nf3 Kf7 22. Kg3 Ke7 23. Rh1 Rg8 24.
h4 gxh4+ 25. Rxh4 Nhf8 26. Rah1 Qe8 27. Rh8 Rxh8 28. Rxh8 Kd8 29. g5 Kc7 30. g6 Qe7 31. Ne2 b5 32. cxb5 axb5 33. Bxb5 Nb6 34. b4 Nfd7 35. a5 Nxd5 36. Rxc8+ Kxc8 37. Qxd5 Rb8 38. Qc6+ Kd8 39. a6 Nb6 40. a7 Qxa7 41. Qxd6+ Kc8 42.
bxc5 1-0

[Event "*** Titled Tuesday Blitz"]
[Site "Chess.com"]
[Date "2021.02.09"]
[Round "10"]
[White "karinachess1"]
[Black "Fandorine"]
[Result "0-1"]
[WhiteElo "2553"]
[BlackElo "2856"]
[TimeControl "180+1"]
[EndTime "11:54:29 PST"]
[Termination "Fandorine won by checkmate"]

1. d4 Nf6 2. Nf3 g6 3. g3 Bg7 4.
Bg2 O-O 5. O-O d6 6. b3 e5 7. dxe5 dxe5 8. Ba3 e4 9. Bxf8 Qxf8 10. Nd4 e3 11. f3 Nc6 12. c3 h5 13. Qd3 Qe7 14. Rd1 Bd7 15. Nxc6 bxc6 16. a4 h4 17. Na3 hxg3 18. hxg3 Bf5 19. Qc4 Rf8 20. Qxc6 Nh5 21. g4 Nf4 22. Nc4 Nxe2+ 23. Kf1 Nxc3 24. Re1 e2+ 25. Kg1 Bd4+ 26. Kh2 Qh4+ 27. Bh3 Qf2+ 28.
Kh1 Qg3 29. Bg2 Qh4+ 30. Bh3 Qxh3# 0-1

[Event "*** Titled Tuesday Blitz"]
[Site "Chess.com"]
[Date "2021.02.09"]
[Round "10"]
[White "Homino"]
[Black "SanchezKelvin"]
[Result "0-1"]
[WhiteElo "2303"]
[BlackElo "2438"]
[TimeControl "180+1"]
[EndTime "11:54:29 PST"]
[Termination "SanchezKelvin won on time"]

1. e4 c5 2. Nf3 d6 3. d4 cxd4 4. Nxd4 Nf6 5. Nc3 g6 6. Be3 Bg7 7. f3 O-O 8. Qd2 Nc6 9. O-O-O Nxd4 10. Bxd4 Be6 11. Kb1 Qc7 12. h4 Rfc8 13. h5 Qa5 14.
Nd5 Qxd2 15. Rxd2 Bxd5 16. exd5 Nxh5 17. Bxg7 Kxg7 18. Bd3 Nf4 19. g4 Nxd3 20. Rxd3 Rh8 21. Re3 Rae8 22. Rhe1 h5 23. gxh5 gxh5 24. Rxe7 Rxe7 25.
Rxe7 h4 26. Re1 Kf6 27. Kc1 h3 28. Kd2 h2 29. Rh1 Ke5 30. Ke2 Kxd5 31. Kf2 Ke5 32. Kg3 Rg8+ 33. Kf2 Rc8 34. c3 Rh8 35. Kg3 Kd5 36.
Rxh2 Rxh2 37. Kxh2 Kc4 38. Kg3 Kd3 39. Kf4 Kc2 40.
Ke4 Kxb2 41. c4 Kxa2 42. Kd5 Kb3 43. Kxd6 Kxc4 44. f4 Kd4 45. f5 Ke4 46. f6 Kf5 47. Ke7 Kg6 0-1

[Event "*** Titled Tuesday Blitz"]
[Site "Chess.com"]
[Date "2021.02.09"]
[Round "10"]
[White "MerryPoppies"]
[Black "oykuince"]
[Result "0-1"]
[WhiteElo "2154"]
[BlackElo "1997"]
[TimeControl "180+1"]
[EndTime "11:54:31 PST"]
[Termination "oykuince won by checkmate"]

1. d4 Nf6 2. c4 e6 3. Nc3 Bb4 4. Qc2 b6 5. f3 d5 6. cxd5 Bxc3+ 7. bxc3 exd5 8. Bg5 h6 9. Bh4 O-O 10. e4 g5 11. Bg3 dxe4 12. fxe4 Bb7 13. Bd3 Nh5 14. Bf2 Nf4 15. Nf3 Nxg2+ 16. Kf1 Nf4 17. Rg1 Nxd3 18. Qxd3 Qf6 19. h4 Ba6 20. c4 Bxc4 21.
Qxc4 Qxf3 22. hxg5 Qxe4 23. gxh6+ Kh8 24. Re1 Qf4 25.
Re3 Nd7 26. Reg3 Rae8 27. Qc2 Nf6 28. d5 Ne4 29. Rg4 Nd2+ 30. Kg2 Qxg4+ 31. Kh1 Qh3# 0-1

[Event "*** Titled Tuesday Blitz"]
[Site "Chess.com"]
[Date "2021.02.09"]
[Round "10"]
[White "HrvojeZagreb"]
[Black "cstevens1"]
[Result "1-0"]
[WhiteElo "2259"]
[BlackElo "2692"]
[TimeControl "180+1"]
[EndTime "11:54:33 PST"]
[Termination "HrvojeZagreb won by resignation"]

1. d4 Nf6 2. Bf4 d6 3. Nc3 Nbd7 4. Nf3 c5 5. e3 g6 6. Bb5 a6 7. Bxd7+ Nxd7 8. h4 Bg7 9. h5 cxd4 10. exd4 O-O 11. Qd2 e5 12. Bh6 Bh8 13. Bxf8 Qxf8 14. O-O-O exd4 15. Nd5 Ne5 16. Qg5 f6 17. Qg3 Qf7 18. Rxd4 Be6 19. Nxe5 dxe5 20. hxg6 hxg6 21. Rdh4 Bg7 22.
Qh2 Kf8 23. Rh8+ Bxh8 24. Qxh8+ Qg8 25. Qxf6+ 1-0

[Event "*** Titled Tuesday Blitz"]
[Site "Chess.com"]
[Date "2021.02.09"]
[Round "10"]
[White "ega2006"]
[Black "rugbyclub"]
[Result "1-0"]
[WhiteElo "2415"]
[BlackElo "2296"]
[TimeControl "180+1"]
[EndTime "11:54:37 PST"]
[Termination "ega2006 won on time"]

1. e4 c5 2. Nf3 e6 3. Nc3 a6 4. d4 cxd4 5. Nxd4 d6 6. Bd3 b5 7. O-O Bb7 8. Re1 Nd7 9. Bd2 Qb6 10. Nf3 Ngf6 11. a4 b4 12. a5 Qc7 13. Na2 d5 14. e5 Ne4 15. Bxb4 Bxb4 16. Nxb4 O-O 17. c3 Ndc5 18.
Bc2 Rfd8 19. Nd3 Nd7 20. Nd4 Rac8 21. Qh5 g6 22. Qh6 Nxc3 23. bxc3 Qxc3 24. Qe3 Rc4 25. Rab1 Bc8 26. Rb4 Kg7 27. Rxc4 dxc4 28. Nf4 1-0

[Event "*** Titled Tuesday Blitz"]
[Site "Chess.com"]
[Date "2021.02.09"]
[Round "10"]
[White "SilviusTiberius"]
[Black "VFernandezB"]
[Result "1-0"]
[WhiteElo "2511"]
[BlackElo "2342"]
[TimeControl "180+1"]
[EndTime "11:54:40 PST"]
[Termination "SilviusTiberius won by resignation"]

1. e4 c5 2. Nf3 d6 3. d4 cxd4 4. Nxd4 Nf6 5. Nc3 a6 6. f3 e5 7.
Nb3 Be6 8. Be3 Nbd7 9. Qd2 Rc8 10. g4 b5 11. g5 Nh5 12. a4 b4 13. Nd5 a5 14. Bb5 Bxd5 15. exd5 Be7 16. O-O-O O-O 17. Rhg1 Nf4 18. Bxf4 exf4 19. Nd4 Ne5 20. Qxf4 Qb6 21.
Nc6 Nxc6 22. dxc6 b3 23. c3 d5 24. Rge1 Bc5 25. Rxd5 Rxc6 26. Bxc6 Qxc6 27. Qe5 Bf2 28. Re4 g6 29. Kd2 h5 30. Ke2 Bg1 31. Kf1 Bb6 32. Qd6 Qb7 33. Rb5 Qc8 34. Qxb6 Qh3+ 35. Ke2 Qxh2+ 36. Qf2 Qh3 37. Rbe5 Rd8 38. Re8+ Rxe8 39. Rxe8+ Kg7 40. Qd4+ 1-0

[Event "*** Titled Tuesday Blitz"]
[Site "Chess.com"]
[Date "2021.02.09"]
[Round "10"]
[White "RD4ever"]
[Black "PSvidler"]
[Result "0-1"]
[WhiteElo "2882"]
[BlackElo "2918"]
[TimeControl "180+1"]
[EndTime "11:54:41 PST"]
[Termination "PSvidler won by resignation"]

1. d4 Nf6 2. c4 g6 3. Nc3 d5 4. Bg5 Bg7 5. Bxf6 Bxf6 6. cxd5 c5 7. dxc6 Bxd4 8. cxb7 Bxb7 9. e3 Bxc3+ 10. bxc3 Qa5 11.
Qb3 O-O 12. Qb4 Qc7 13. Nf3 Na6 14. Qa3 Rac8 15. Rc1 Nc5 16. Be2 Bxf3 17. gxf3 Rfd8 18. Rc2 Rd5 19. f4 Ne4 20. Bf3 Ra5 21. Qb4 Nxc3 22. O-O Rc5 23. Kg2 a5 24. Qb3 e5 25. fxe5 Qxe5 26. Rfc1 R8c7 27. Qb8+ Kg7 28. Qd8 Nxa2 29. Rxc5 Rxc5 30. Rxc5 Qxc5 31. Bd5 Nc3 32. e4 a4 33. Qd7 Nxd5 34. exd5 a3 35. Qc6 Qd4 36. Qa8 Qg4+ 37. Kf1 Qc4+ 38. Kg2 a2 39. d6 Qg4+ 0-1

[Event "*** Titled Tuesday Blitz"]
[Site "Chess.com"]
[Date "2021.02.09"]
[Round "10"]
[White "PushingpawnsNYC"]
[Black "PawnEatingZombie"]
[Result "1-0"]
[WhiteElo "2294"]
[BlackElo "2123"]
[TimeControl "180+1"]
[EndTime "11:54:41 PST"]
[Termination "PushingpawnsNYC won by resignation"]

1. e4 c6 2. d4 d5 3. exd5 cxd5 4. Bd3 Nc6 5. c3 Qc7 6. h3 Nf6 7. Nf3 g6 8. O-O Bf5 9. Be2 Bg7 10. Re1 O-O 11.
Bb5 h5 12. Be3 e6 13. Nbd2 a6 14. Bf1 b5 15. Nb3 Nd7 16. Nh2 h4 17. Qd2 b4 18.
Nf3 bxc3 19. bxc3 a5 20. Nxh4 a4 21. Nc1 Rab8 22. g4 Bb1 23. Ne2 Qd8 24. Raxb1 Qxh4 25. Bg5 Qh7 26. Bf4 Rxb1 27. Rxb1 g5 28. Rb7 gxf4 29. Rxd7 f3 30. Ng3 Rb8 31. Nh5 Qg6 32. Bd3 f5 33. Rxg7+ Qxg7 34. Nxg7 Kxg7 35. Qg5+ 1-0

[Event "*** Titled Tuesday Blitz"]
[Site "Chess.com"]
[Date "2021.02.09"]
[Round "10"]
[White "Azde"]
[Black "chesslh19"]
[Result "1-0"]
[WhiteElo "2356"]
[BlackElo "2239"]
[TimeControl "180+1"]
[EndTime "11:54:42 PST"]
[Termination "Azde won on time"]

1. d4 Nf6 2. c4 e6 3. Nf3 d5 4.
Nc3 Be7 5. Bf4 O-O 6. e3 c5 7.
dxc5 Bxc5 8. Qc2 Nc6 9. a3 d4 10. Rd1 Qb6 11. exd4 Nxd4 12. Nxd4 Bxd4 13. Na4 Qa5+ 14.
b4 Qd8 15. Be5 Bxe5 16. Rxd8 Rxd8 17. Be2 Bd7 18. O-O Bc6 19. f3 Bd4+ 20. Kh1 Be3 21. Rd1 h6 22. b5 Be8 23. g3 b6 24. Kg2 Rac8 25. Rxd8 Rxd8 26. Bd3 Rc8 27. Qe2 Bd4 28.
h4 Bc5 29. Nxc5 Rxc5 30. g4 Nd7 31. Qe4 g6 32. Qa8 Kf8 33. Qxa7 Ne5 34. Be2 Nxc4 35.
Bxc4 Rxc4 36. Qxb6 Rc2+ 37. Kg3 Ra2 38. Qc5+ Kg8 39.
Qb4 Bxb5 40. Qxb5 Rxa3 41. Qb8+ 1-0